 Dungeon Crawl Stone Soup version 0.23-a0-378-gd7a6ca6 (console) character file.

117 bli the Poker (level 5, -6/42 HPs)
             Began as a Merfolk Monk on Oct 27, 2018.
             Was a Believer of Dithmenos.
             Killed by divine providence
             ... invoked by an orc priest
              (16 damage)
             ... on level 4 of the Dungeon.
             The game lasted 00:11:14 (2115 turns).

bli the Poker (Merfolk Monk)                        Turns: 2115, Time: 00:11:15

Health: -6/42      AC:  2    Str: 11    XL:     5   Next: 1%
Magic:  5/5        EV: 15    Int:  9    God:    Dithmenos [**....]
Gold:   123        SH:  0    Dex: 18    Spells: 2/4 levels left

rFire    . . .     SeeInvis .   a - +0 spear
rCold    . . .     Gourm    .   (no shield)
rNeg     . . .     Faith    .   b - +0 robe
rPois    .         Spirit   .   (no helmet)
rElec    .         Reflect  .   (no cloak)
rCorr    .         Harm     .   (no gloves)
MR       .....                  (no boots)
Stlth    +++.......             (no amulet)
HPRegen  0.14/turn              (no ring)
MPRegen  0.09/turn              (no ring)

@: wreathed by umbra
A: change form in water, swift swim, stealthy swim
a: Shadow Step, Renounce Religion


You were on level 4 of the Dungeon.
You worshipped Dithmenos.
Dithmenos was pleased with you.
You were not hungry.

You visited 1 branch of the dungeon, and saw 4 of its levels.

You collected 123 gold pieces.

Inventory:

Hand Weapons
 a - a +0 spear (weapon)
 l - a +2 vampiric dagger
Missiles
 g - 141 stones (quivered)
Armour
 b - a +0 robe (worn)
Wands
 n - a wand of enslavement (9)
Scrolls
 f - 2 scrolls of remove curse {unknown}
 j - 4 scrolls of identify {unknown}
 k - 2 scrolls of random uselessness {unknown}
 m - a scroll of amnesia {unknown}
 r - a scroll of teleportation {unknown}
Potions
 e - 3 potions of curing {unknown}
 h - a potion of invisibility {unknown}
 i - 2 potions of heal wounds {unknown}
 o - a potion of flight {unknown}
 p - 2 potions of agility {unknown}
 q - a potion of lignification {unknown}
Comestibles
 c - 2 rations
 d - 7 chunks of flesh


   Skills:
 + Level 4.0 Fighting
 * Level 7.0 Polearms
 * Level 4.4 Dodging
 + Level 2.4 Stealth


You had 2 spell levels left.
You knew the following spells:

 Your Spells              Type           Power        Failure   Level  Hunger
B - Blink                 Tloc           N/A          52%         2    ###....

Your spell library contained the following spells:

 Spells                   Type           Power        Failure   Level  Hunger
 Magic Dart               Conj           #...         38%         1    ##.....
 Call Imp                 Summ           #.......     52%         2    ###....
 Slow                     Hex            #.......     52%         2    ###....
 Conjure Flame            Conj/Fire      #.......     77%         3    ####...
 Mephitic Cloud           Conj/Pois/Air  #.......     77%         3    ####...
 Static Discharge         Conj/Air       #.......     77%         3    ####...
 Lightning Bolt           Conj/Air       #.........   100%        5    ######.
 Ignition                 Fire           #.........   100%        8    #######
 Shatter                  Erth           #.........   100%        9    #######
 Tornado                  Air            #.........   100%        9    #######


Dungeon Overview and Level Annotations

Branches:
Dungeon (4/15)
 Temple: D:4-7

Altars:
Dithmenos
Okawaru
Qazlal


Message History

The orc priest is heavily wounded.
The orc priest calls down the wrath of Beogh upon you.
Beogh smites you!
You barely miss the orc priest.
The orc priest is moderately wounded.
The orc barely misses you.
You barely miss the orc priest.
The orc priest is moderately wounded.
The orc priest barely misses you. The orc closely misses you.
You hit the orc priest.
The orc priest is severely wounded.
The orc wizard hits you with a +0 dagger.
The orc priest hits you with a +0 dagger.
* * * LOW HITPOINT WARNING * * *
The orc closely misses you.
You hit the orc priest.
The orc priest is severely wounded.
The orc priest calls down the wrath of Beogh upon you.
Beogh smites you!
You die...

###### ####
#....######....#
#....#....#....#
#....'....#....+
#######....#.####....##
..........##.##.##....#
../....o@.#..'...#....+
.......ooo#..#...'....#
..........#..#...#....#
..........#.######....###
.........##.#<...........
.........#..#............
.........#..#....<.......
.........#. #............
<........# #............
....##+######## ....


You could see an orc priest, an orc wizard and 2 orcs.

Vanquished Creatures
  3 adders
  3 gnolls
  3 worms
  4 leopard geckos
  4 giant cockroaches
  9 goblins
  4 hobgoblins
  A ball python (D:1)
  4 bats
  3 frilled lizards
  6 kobolds
  9 rats
53 creatures vanquished.

Notes
Turn   | Place    | Note
-------+----------+-------------------------------------------
     0 | D:1      | bli the Merfolk Monk began the quest for the Orb.
     0 | D:1      | Reached XP level 1. HP: 18/18 MP: 1/1
   105 | D:1      | Reached XP level 2. HP: 20/24 MP: 2/2
   156 | D:1      | Reached skill level 5 in Polearms
   698 | D:1      | Reached XP level 3. HP: 22/30 MP: 3/3
   790 | D:1      | Learned a level 2 spell: Blink
   825 | D:2      | Found a shadowy altar of Dithmenos.
   848 | D:2      | Became a worshipper of Dithmenos the Shadowed
   848 | D:2      | Reached * piety under Dithmenos
   848 | D:2      | Reached ** piety under Dithmenos
  1203 | D:2      | Found an iron altar of Okawaru.
  1203 | D:2      | Found a stormy altar of Qazlal.
  1297 | D:2      | Reached skill level 6 in Polearms
  1378 | D:2      | Reached XP level 4. HP: 23/37 MP: 4/4
  2054 | D:2      | Reached skill level 7 in Polearms
  2054 | D:2      | Reached XP level 5. HP: 39/42 MP: 5/5
  2115 | D:4      | Killed from afar by an orc priest

Vault maps used:
D:1:      dpeg_arrival_houses_and_road, nrook_mini_vaults
D:2:      gammafunk_temple_overflow_wave, fountainhead,
          nicolae_dithmenos_through_a_glass_darkly
D:4:      serial_shops, shop_fountains, ebering_ghost_rock_garden, first_ration

Skill      XL: |  1  2  3  4 |
---------------+-------------+-----
Polearms       | 5 6 7 |  7.0
Fighting       | 4 |  4.0
Dodging        | |  4.4
Stealth        | |  2.4

Action                   |  1- 3 |  4- 6 || total
-------------------------+-------+-------++-------
Melee: Spear             |   156 |    89 ||   245
Throw: Stone             |     3 |    11 ||    14
 Stab: Sleeping          |     9 |     4 ||    13
  Eat: Chunk             |     2 |     2 ||     4
Armor: Robe              |    12 |     6 ||    18
Dodge: Dodged            |    70 |    42 ||   112

Table legend:
 A = Non-vault XP
 B = Vault XP
 C = Vault XP percentage of total XP
 D = Non-vault monster count
 E = Vault monster count
 F = Vault count percentage of total count
                 A         B        C        D         E       F
            +---------+---------+-------+---------+---------+-------
      Total |     168 |       0 |   0.0 |      53 |       0 |   0.0
            +---------+---------+-------+---------+---------+-------
        D:1 |      23 |       0 |   0.0 |      17 |       0 |   0.0
        D:2 |      93 |       0 |   0.0 |      22 |       0 |   0.0
        D:3 |      52 |       0 |   0.0 |      14 |       0 |   0.0
            +---------+---------+-------+---------+---------+-------
